 Dungeon Crawl Stone Soup version 0.25.1-2-g60ff931df9 (webtiles) character file.

Game seed: 13758784725522991531

7751 DearestLeader the Protected (level 11, -1/91 HPs)
             Began as a Demonspawn Gladiator on Oct 12, 2020.
             Was a Priest of Okawaru.
             Slain by a yak (4 damage)
             ... on level 10 of the Dungeon.
             The game lasted 00:28:03 (11312 turns).

DearestLeader the Protected (Demonspawn Gladiator) Turns: 11312, Time: 00:28:04

Health: -1/91      AC: 18    Str: 18    XL:     11   Next: 0%
Magic:  14/14      EV: 10    Int: 10    God:    Okawaru [***...]
Gold:   578        SH:  0    Dex: 14    Spells: 10/10 levels left

rFire    + . .     SeeInvis .   L - +2 whip (elec)
rCold    . . .     Gourm    .   (no shield)
rNeg     . . .     Faith    .   D - +0 plate armour
rPois    .         Spirit   .   (helmet restricted)
rElec    .         Reflect  .   (no cloak)
rCorr    .         Harm     .   J - +0 pair of gloves
MR       +....                  (no boots)
Stlth    ..........             v - amulet of regeneration
HPRegen  0.65/turn              i - ring of protection from magic
MPRegen  0.14/turn              y - ring of protection from fire

@: no status effects
A: antennae 1, rugged brown scales 2, nightstalker 2, powered by pain 1
a: Heroism, Renounce Religion


You were on level 10 of the Dungeon.
You worshipped Okawaru.
Okawaru was most pleased with you.
You were not hungry.

You visited 2 branches of the dungeon, and saw 11 of its levels.

You collected 578 gold pieces.

Inventory:

Hand Weapons
 o - a +2 short sword of speed
 B - a cursed +0 battleaxe
 G - a +1 whip of flaming
 L - a +2 whip of electrocution (weapon)
Missiles
 d - 3 throwing nets
 p - 5 boomerangs of dispersal
 E - 47 poisoned darts (quivered)
Armour
 c - a +0 helmet
 D - a +0 plate armour (worn)
 J - a +0 pair of gloves (worn)
Magical Staves
 M - an uncursed staff of wizardry
Jewellery
 a - an uncursed ring of magical power
 h - an uncursed amulet of the acrobat
 i - a ring of protection from magic (left hand)
 v - an amulet of regeneration (around neck)
 y - a ring of protection from fire (right hand)
Wands
 r - a wand of iceblast (15)
 I - a wand of flame (18)
 K - a wand of polymorph (7)
 N - a wand of random effects (14)
 O - a wand of acid (5)
Scrolls
 e - 7 scrolls of remove curse
 g - 2 scrolls of blinking
 j - 2 scrolls of teleportation
 k - 3 scrolls of amnesia
 l - 2 scrolls of fog
 w - 3 scrolls of fear
 z - a scroll of identify
 A - a scroll of magic mapping
 C - 3 scrolls of enchant armour
Potions
 b - 2 potions of flight
 m - 2 potions of stabbing
 n - a potion of curing
 q - 2 potions of degeneration
 s - 2 potions of lignification
 t - 2 potions of mutation
 u - a potion of might
 x - 2 potions of heal wounds
 F - a potion of haste
 H - a potion of invisibility
Comestibles
 f - 25 rations


   Skills:
 + Level 8.6 Fighting
   Level 2.6 Polearms
 - Level 1.7 Throwing
 * Level 10.5 Armour
 + Level 8.2 Dodging
 + Level 5.0 Invocations


You had 10 spell levels left.
You didn't know any spells.
Your spell library was empty.

Dungeon Overview and Level Annotations

Branches:
Dungeon (10/15)            Temple (1/1) D:5
   Lair: D:8-11         Orc: D:9-12

Altars:
Ashenzari
Cheibriados
Dithmenos
Elyvilon
Fedhas
Gozag
Hepliaklqana
Kikubaaqudgha
Makhleb
Nemelex Xobeh
Okawaru
Qazlal
Ru
Sif Muna
Trog
Uskayaw
Vehumet
Wu Jian
Xom
Yredelemnul
Zin
The Shining One

Shops:
D:7 =

Annotations:
D:3 2 transporters, diiiiiane's ghost, amateur DEFE


Innate Abilities, Weirdness & Mutations

You have a pair of small antennae on your head.
You are mostly covered in rugged brown scales. (AC +2, +5% HP)
You are significantly more attuned to the shadows.
You sometimes gain a little power by taking damage.


Message History

The orc priest invokes the aid of Beogh against you.
Beogh smites you!
* * * LOW HITPOINT WARNING * * *
The orc closely misses you.
You hit the yak. Lightning courses through the yak!
You kill the yak!
Okawaru accepts your kill.
Your Invocations skill increases to level 5!
You have reached level 11!
Your demonic ancestry asserts itself...
A pair of antennae grows on your head!
Your +0 helmet falls away!
You hit the yak.
The yak is lightly wounded.
The orc hits you but does no damage. The yak gores you but does no damage.
You whack the yak!
The yak is moderately wounded.
The yak completely misses you. The orc hits you but does no damage.
The yak gores you.
You die...

.#
#..)......#.####.............
.# ####[########
#.(........... .# #.#####
#............. ## #..[..#
##########'### #### #####.#
########..# ...# #####.###
#........## ...# ........#
#'######## ...#
........######## ...#
.....)..o@Yo##.## ...#
........###o#...#. ...+
.....<..# #{...... ...#
........# #....... ...#
........# ##...... ####
######### ##...#. #8## ##


You could see a yak, an orc priest and 2 orcs.

Vanquished Creatures
  Pikel (D:7)
  Joseph (D:9)
  A hornet (D:9)
  4 hippogriffs
  A spriggan (D:9)
  A wyvern (D:9)
  6 yaks (D:10)
  A hornet zombie (D:8)
  2 slaves
  2 black bears
  4 sky beasts
  8 orc warriors
  An eye of draining (D:8)
  A necrophage (D:8)
  A phantom (D:4)
  3 centaurs
  5 ogres
  3 big kobolds
  2 bullfrogs
  2 scorpions
  3 wights (D:6)
  2 howler monkeys (D:9)
  3 crimson imps
  A bullfrog zombie (D:5)
  2 centaur skeletons
  A gnoll shaman (D:7)
  8 hounds
  A jelly (D:6)
  13 orc wizards
  7 orc priests
  2 bullfrog skeletons
  6 iguanas
  4 worker ants
  A hound skeleton (D:9)
  A howler monkey zombie (D:8)
  2 worker ant zombies
  10 gnolls
  A howler monkey skeleton (D:8)
  9 adders
  An adder zombie (D:9)
  2 worms (D:2)
  A dart slug (D:2)
  4 leopard geckos
  41 orcs
  4 giant cockroaches
  4 goblins
  5 hobgoblins
  8 jackals
  30 kobolds
  7 quokkas
  6 bats
  2 frilled lizards
  11 rats
253 creatures vanquished.

Vanquished Creatures (others)
  A human (D:3)
1 creature vanquished.

Grand Total: 254 creatures vanquished

Notes
Turn   | Place    | Note
-------+----------+-------------------------------------------
     0 | D:1      | DearestLeader the Demonspawn Gladiator began the quest for
                  | the Orb.
     0 | D:1      | Reached XP level 1. HP: 16/16 MP: 1/1
   302 | D:1      | Gained mutation: You are partially covered in rugged brown
                  | scales. (AC +1, +3% HP) [demonic ancestry]
   302 | D:1      | Reached XP level 2. HP: 16/23 MP: 2/2
   965 | D:2      | Reached XP level 3. HP: 28/28 MP: 3/3
  1024 | D:2      | Reached skill level 1 in Armour
  1152 | D:2      | Gained mutation: You are slightly more attuned to the
                  | shadows. [demonic ancestry]
  1152 | D:2      | Reached XP level 4. HP: 36/36 MP: 4/4
  1362 | D:3      | Found a transporter.
  1362 | D:3      | Found a transporter.
  1362 | D:3      | Noticed diiiiiane's ghost (amateur DEFE)
  1422 | D:3      | Found an ancient bone altar of Kikubaaqudgha.
  1425 | D:3      | Noticed a human
  1426 | D:3      | Killed a human
  2026 | D:4      | Reached skill level 2 in Armour
  2061 | D:4      | Gained mutation: You sometimes gain a little power by
                  | taking damage. [demonic ancestry]
  2061 | D:4      | Reached XP level 5. HP: 29/42 MP: 5/5
  2156 | D:4      | You fall into a shaft and drop 3 floors!
  2157 | D:7      | Noticed a hippogriff
  2169 | D:7      | Noticed an ogre
  2175 | D:7      | Noticed a centaur
  2209 | D:7      | Noticed a slave
  2209 | D:7      | Noticed a slave
  2215 | D:7      | Noticed a slave
  2230 | D:7      | Found a shadowy altar of Dithmenos.
  2230 | D:7      | Found a blossoming altar of Fedhas.
  2279 | D:7      | Noticed a slave
  2280 | D:7      | Noticed Pikel
  2304 | D:5      | Entered Level 5 of the Dungeon
  2387 | D:5      | Noticed an orc warrior
  2394 | D:5      | Noticed a black bear
  2430 | D:5      | Killed a black bear
  2430 | D:5      | Reached skill level 3 in Armour
  2430 | D:5      | Gained mutation: You are significantly more attuned to the
                  | shadows. [demonic ancestry]
  2430 | D:5      | Reached XP level 6. HP: 12/49 MP: 6/6
  2684 | D:4      | Reached skill level 4 in Armour
  2802 | D:4      | Gained mutation: You are mostly covered in rugged brown
                  | scales. (AC +2, +5% HP) [demonic ancestry]
  2802 | D:4      | Reached XP level 7. HP: 49/57 MP: 7/7
  3052 | D:4      | Found a shadowy altar of Dithmenos.
  3639 | D:5      | Reached skill level 5 in Armour
  3729 | D:5      | Found a radiant altar of Vehumet.
  3756 | D:5      | Found a staircase to the Ecumenical Temple.
  3761 | Temple   | Entered the Ecumenical Temple
  4149 | D:5      | Reached skill level 5 in Dodging
  4282 | D:5      | Reached skill level 5 in Fighting
  4342 | D:5      | Reached XP level 8. HP: 58/65 MP: 8/8
  4618 | D:6      | Reached skill level 6 in Armour
  5840 | D:7      | Found Asuuck's Jewellery Shop.
  5943 | D:7      | Killed Pikel
  5943 | D:7      | Reached skill level 7 in Armour
  5943 | D:7      | Reached XP level 9. HP: 70/74 MP: 9/9
  6538 | D:7      | Reached skill level 8 in Armour
  7223 | D:8      | Found an iron altar of Okawaru.
  7226 | D:8      | Became a worshipper of Warmaster Okawaru
  7439 | D:8      | Got a pair of translucent boots
  7444 | D:8      | Identified the +1 pair of boots "Put-Me-On" {*Slow Str+4
                  | Int+8 Dex-4} (You found it on level 8 of the Dungeon)
  7812 | D:8      | Reached skill level 9 in Armour
  8097 | D:8      | Reached * piety under Okawaru
  8581 | D:9      | Reached XP level 10. HP: 36/79 MP: 10/10
  8707 | D:9      | Paralysed by a hornet for 2 turns
  8716 | D:9      | Paralysed by a hornet for 2 turns
  8748 | D:9      | Reached skill level 1 in Invocations
  9405 | D:9      | Reached ** piety under Okawaru
  9440 | D:9      | Found a stormy altar of Qazlal.
  9541 | D:9      | Noticed Joseph
  9592 | D:9      | Killed Joseph
  9711 | D:9      | Found an opulent altar of Gozag.
 10136 | D:10     | Entered Level 10 of the Dungeon
 10284 | D:10     | Reached skill level 10 in Armour
 10544 | D:10     | Reached *** piety under Okawaru
 10980 | D:10     | Noticed a two-headed ogre
 11309 | D:10     | HP: 1/86 [orc priest/divine providence (12)]
 11310 | D:10     | Reached skill level 5 in Invocations
 11310 | D:10     | Gained mutation: You have a pair of small antennae on your
                  | head. [demonic ancestry]
 11310 | D:10     | Reached XP level 11. HP: 1/91 MP: 14/14
 11312 | D:10     | Slain by a yak

Illustrated notes

Levels and vault maps discovered:
D:1:      dpeg_arrival_stonehenge_8_columns, layout_basic, minmay_heptomino_d4
D:2:      layout_rooms, first_ration, minmay_circled_x
D:3:      layout_basic, gammafunk_ghost_mausoleum, grunt_decor_clamped,
          tgw_kikubaaqudgha
D:4:      layout_loops_cross, nicolae_dithmenos_through_a_glass_darkly
D:5:      layout_loops_ring, minmay_temple_entry_butterflies, basic_altar,
          minivault_11, grunt_decor_one_mirror, ebering_dispersal_statue_hall,
          corexii_corridor_pit
D:6:      layout_cave_pods, st_stairs_5
D:7:      layout_basic, grunt_temple_overflow_open, serial_shops,
          kennysheep_mini, nicolae_underground_beach, uniq_pikel
D:8:      layout_basic, kennysheep_mini_moat
D:9:      layout_gridville, nicolae_gozag_cash_rules_everything_around_me,
          basic_altar, the_bakery, uniq_joseph
D:10:     layout_roguey, david_orc_4, hex_tiny
Temple:   hc_temple_tempest_star

Skill      XL: |  1  2  3  4  5  6  7  8  9 10 |
---------------+-------------------------------+-----
Dodging        | 3 4 5 6 7 8 |  8.2
Armour         | 1 2 3 4 5 7 9 10 | 10.5
Fighting       | 3 4 5 6 7 8 |  8.6
Invocations    | 5 |  5.0
Polearms       | |  2.6
Throwing       | |  1.7

Action                   |  1- 3 |  4- 6 |  7- 9 | 10-12 || total
-------------------------+-------+-------+-------+-------++-------
Melee: Trident           |    50 |       |       |       ||    50
       Short sword       |    65 |   196 |   571 |    41 ||   873
       Whip              |       |       |   446 |   513 ||   959
Throw: Dart              |       |       |    16 |       ||    16
Invok: Heroism           |       |       |       |     1 ||     1
  Use: Scroll            |       |     3 |     7 |     6 ||    16
       Potion            |       |       |     4 |     2 ||     6
 Stab: Sleeping          |       |     7 |       |       ||     7
  Eat: Chunk             |     1 |     5 |    17 |     8 ||    31
       Ration            |       |       |     1 |     1 ||     2
Armor: Leather armour    |    20 |       |       |       ||    20
       Ring mail         |     5 |    41 |       |       ||    46
       Scale mail        |       |    11 |    10 |       ||    21
       Plate armour      |       |       |   512 |   415 ||   927
Dodge: Dodged            |    67 |   111 |   336 |   286 ||   800
